 Dungeon Sprint DCSS version 0.29.1-2-gbd0b4ee654 (webtiles) character file.

Game seed: 17928652797272247290

7702 boopmooplesden the Bludgeoner (level 11, -1/121 HPs)
             Began as a Minotaur Berserker on Nov 25, 2022.
             Was the Champion of Trog.
             Killed from afar by a hell hog (6 damage)
             ... with a fireball
             ... in the Dungeon (Sprint V: "Ziggurat Sprint").
             The game lasted 00:04:02 (424 turns).

boopmooplesden the Bludgeoner (Minotaur Berserker)   Turns: 424, Time: 00:04:04

Health: -1/121     AC: 23    Str: 32    XL:     11   Next: 0%
Magic:  10/10      EV:  2    Int:  8    God:    Trog [******]
Gold:   0          SH: 34    Dex: 10    Spells: 10/10 levels left

rFire   + + +      SeeInvis .   D - +6 shillelagh "Devastator" {shatter}
rCold   + + +      Faith    .   C - +18 shield of the Gong {rElec rN+ Will+ EV-5}
rNeg    + + .      Spirit   .   i - +5 gold dragon scales
rPois   +          Reflect  +   F - -2 hat of the Alchemist {rElec rPois rF+ rC+ rN+ Will+ rMut rCorr}
rElec   +          Harm     .   U - +0 cloak {Will+}
rCorr   +          Rampage  .   (no gloves)
rMut    +          NoTele   +   (no boots)
Will    +++++                   G - amulet of reflection
Stlth   ..........              E - ring "Kaoworos" {Wiz *Slow rC+ Str+6 Int+4}
HPRegen 0.30/turn               P - ring "Roox" {rF+ Will++ rCorr Slay-2}
MPRegen 0.12/turn

@: weakened, on berserk cooldown
A: horns 2, retaliatory headbutt
a: Renounce Religion, Berserk, Trog's Hand, Brothers in Arms


You were in the Dungeon.
You worshipped Trog.
Trog was exalted by your worship.
You visited 1 branch

Inventory:

Hand Weapons
 a - a +0 mace
 D - the +6 shillelagh "Devastator" (weapon) {shatter}
   (You found it in the Dungeon)

   It releases a powerful concussive burst when it strikes, dealing extra damage
   to the target and all other foes adjacent to them.
 I - the +3 sling "Fepn" {freeze, rF+ rN+ Int-5 SInv}
   (You found it in the Dungeon)

   Any ammunition fired from it freezes those it strikes, dealing additional
   cold damage.
   It can also slow down cold-blooded creatures.
   Int:       It affects your intelligence (-5).
   rF:        It protects you from fire.
   rN:        It protects you from negative energy.
   SInv:      It lets you see invisible.
 K - the +8 mace of Ytsoj {elec, rPois Str+6}
   (You found it in the Dungeon)

   It occasionally discharges a powerful burst of electricity upon striking a
   foe.
   Str:       It affects your strength (+6).
   rPois:     It protects you from poison.
 L - the +9 lajatang of Amisug {vorpal, Fly rCorr SInv Stlth+}
   (You found it in the Dungeon)

   It inflicts extra damage upon your enemies.
   SInv:      It lets you see invisible.
   Fly:       It grants you flight.
   rCorr:     It protects you from acid and corrosion.
   Stlth:     It makes you more stealthy.
 M - the +10 trident "Tiomaamn" {freeze, rElec}
   (You found it in the Dungeon)

   It freezes those it strikes, dealing additional cold damage.
   It can also slow down cold-blooded creatures.
   rElec:     It insulates you from electricity.
 O - the +1 broad axe of the Sky {freeze, *Corrode rElec rN+ Int+4}
   (You found it in the Dungeon)

   It freezes those it strikes, dealing additional cold damage.
   It can also slow down cold-blooded creatures.
   Int:       It affects your intelligence (+4).
   rElec:     It insulates you from electricity.
   rN:        It protects you from negative energy.
   *Corrode:  It may corrode you when you take damage.
 Q - the +8 arc blade {discharge, rElec}
   (You found it in the Dungeon)

   It occasionally unleashes powerful arcs of lightning upon striking a foe.
   These may arc to other adjacent creatures (including the wielder, but dealing
   reduced damage to them) before grounding out.
   rElec:     It insulates you from electricity.
 R - the +7 great mace of Wigryon {flame, rN+ Str-5 Dex+6}
   (Trog gifted it to you in the Dungeon)

   It burns those it strikes, dealing additional fire damage.
   Str:       It affects your strength (-5).
   Dex:       It affects your dexterity (+6).
   rN:        It protects you from negative energy.
Armour
 b - a +0 animal skin
 i - +5 gold dragon scales (worn)
 j - a +3 tower shield
 C - the +18 shield of the Gong (worn) {rElec rN+ Will+ EV-5}
   (You found it in the Dungeon)

   It is deafeningly noisy when blocking attacks.
   EV:        It affects your evasion (-5).
   rElec:     It insulates you from electricity.
   rN:        It protects you from negative energy.
   Will:      It increases your willpower.
 F - the -2 hat of the Alchemist (worn) {rElec rPois rF+ rC+ rN+ Will+ rMut rCorr}
   (You found it in the Dungeon)

   rF:        It protects you from fire.
   rC:        It protects you from cold.
   rElec:     It insulates you from electricity.
   rPois:     It protects you from poison.
   rN:        It protects you from negative energy.
   rCorr:     It protects you from acid and corrosion.
   rMut:      It protects you from mutation.
   Will:      It increases your willpower.
 U - a +0 cloak of willpower (worn)
Jewellery
 u - a ring of flight
 v - a +6 ring of dexterity
 w - a +6 ring of dexterity
 x - a +6 ring of intelligence
 y - a +6 ring of intelligence
 z - a +6 ring of strength
 A - a +6 ring of strength
 E - the ring "Kaoworos" (left hand) {Wiz *Slow rC+ Str+6 Int+4}
   (You found it in the Dungeon)

   [ring of wizardry]

   It improves your spell success rate.
   Str:       It affects your strength (+6).
   Int:       It affects your intelligence (+4).
   rC:        It protects you from cold.
   *Slow:     It may slow you when you take damage.
 G - an amulet of reflection (around neck)
 H - a ring of see invisible
 J - an amulet of faith
 P - the ring "Roox" (right hand) {rF+ Will++ rCorr Slay-2}
   (You found it in the Dungeon)

   [ring of protection from fire]

   Slay:      It affects your accuracy & damage with ranged weapons and melee
   (-2).
   rF:        It protects you from fire.
   rCorr:     It protects you from acid and corrosion.
   Will:      It greatly increases your willpower.
 T - an amulet of guardian spirit
Wands
 r - a wand of mindburst (7)
 s - a wand of iceblast (7)
 t - a wand of acid (7)
Scrolls
 h - 4 scrolls of blinking
 o - 7 scrolls of butterflies
 p - 5 scrolls of identify
 q - 2 scrolls of fear
 N - 4 scrolls of enchant weapon
Potions
 c - 10 potions of curing
 d - 10 potions of heal wounds
 e - 6 potions of haste
 f - 7 potions of magic
 g - 3 potions of berserk rage
 k - 2 potions of invisibility
 l - 4 potions of resistance
 m - a potion of experience
 n - 5 potions of might
Miscellaneous
 B - a lightning rod (4/4)
 S - a condenser vane


   Skills:
 + Level 18.6 Fighting
 + Level 19.0 Maces & Flails
 + Level 12.2 Armour
 + Level 8.1 Dodging
 + Level 10.4 Shields


You had 10 spell levels left.
You didn't know any spells.
Your spell library was empty.

Dungeon Overview and Level Annotations

Branches:
Dungeon (1/1)

Altars:
Ashenzari
Cheibriados
Dithmenos
Elyvilon
Fedhas
Gozag
Hepliaklqana
Kikubaaqudgha
Makhleb
Nemelex Xobeh
Okawaru
Qazlal
Ru
Sif Muna
Trog
Uskayaw
Vehumet
Wu Jian
Xom
Yredelemnul
Zin
The Shining One
Jiyva
Lugonu

Annotations:
D 1 transporter


Innate Abilities, Weirdness & Mutations

You have a pair of horns on your head.
You reflexively headbutt those who attack you in melee.


Message History

The fire giant points at you and mumbles some strange words.
The fireball explodes!
The fireball engulfs you. You resist.
The fireball engulfs the hell hog.
The hell hog completely resists.
The salamander tyrant gazes fiercely through you!
You feel as though you will be weak longer.
The hell hog bites you!
Your stone giant goes berserk!
The salamander tyrant calls gouts of flame from the lava!
The flame surge hits you! You resist. The flame surge hits your stone giant!!
The hell hog breathes fire at you.
The fireball explodes!
The fireball engulfs you. You resist.
The fireball engulfs the hell hog.
The hell hog completely resists.
The fireball engulfs your stone giant!
The salamander tyrant calls gouts of flame from the lava!
The flame surge hits you. You resist.
* * * LOW HITPOINT WARNING * * *
The flame surge hits your stone giant!!
The fire giant gestures at you while chanting.
The fireball explodes!
The fireball engulfs you. You resist.
* * * LOW HITPOINT WARNING * * *
The fireball engulfs the hell hog.
The hell hog completely resists.
The fireball engulfs your stone giant!!!
You barely miss the searing wretch. You headbutt the searing wretch.
The searing wretch is lightly damaged.
You block the hell hog's attack.
SHROANNG!
You block the searing wretch's attack.
GONNNNG!
The searing wretch claws you!!
* * * LOW HITPOINT WARNING * * *
You block the searing wretch's attack.
BONNNG!
You closely miss the searing wretch.
The searing wretch is lightly damaged.
The balrug gestures at you. Something smites you!
* * * LOW HITPOINT WARNING * * *
The hell hog breathes fire at you.
The fireball explodes!
The fireball engulfs you. You resist.
You die...

▓▓▓▓▓▓▓▓▓▓▓▓▓▓▓▓▓▓▓
▓...8©8...▓...8©8...▓
▓..|=[|)..▓...}.))..▓
▓..}|}))..▓...:}}...▓
▓.....N...▓.........▓
▓...2.N...▓.........▓
▓...CCN...▓....)....▓
▓...hhnn..▓...†.)...▓
▓...≈≈@...▓.▓...).▓.▓
▓.▓..C≈.▓.▓....©)...▓
▓....©....▓▓▓▓▓▓▓▓▓▓▓
▓▓▓▓▓▓▓▓▓▓▓


You could see 2 searing wretches, 2 fire giants, a balrug, 3 salamander tyrants,
2 hell hogs and a friendly stone giant (summoned, berserk).

Vanquished Creatures
  2 dancing weapons (D)
  2 two-headed ogres (D)
  2 deep elf zephyrmancers (D)
  2 deep elf pyromancers (D)
  A deep elf archer (D)
  2 rime drakes (D)
  A troll (D)
  A polar bear (D)
  3 tarantellas (D)
  3 air elementals (D)
  A golden eye (shapeshifter) (D)
  3 orc warriors (D)
  2 ice beasts (D)
  3 ogres (D)
  2 scorpions (D)
  4 orc priests (D)
  An iguana (D)
  3 orc wizards (D)
  3 mummies (D)
  2 river rats (D)
  A white imp (D)
  An adder simulacrum (D)
  8 orcs (D)
  A bat zombie (D)
54 creatures vanquished.

Notes
Turn   | Place    | Note
-------+----------+-------------------------------------------
     0 | D        | boopmooplesden the Minotaur Berserker began the quest for
                  | the Orb.
     0 | D        | Reached XP level 1. HP: 19/19 MP: 0/0
    13 | D        | Found a blossoming altar of Fedhas.
    13 | D        | Found the +6 Majin-Bo {vamp, MP+6 Int+6}
    13 | D        | Found the +9 heavy crossbow "Sniper" {vorpal, Acc+∞ SInv}
    13 | D        | Found the +10 dark maul {vorpal}
    13 | D        | Found the +15 Maxwell's patent armour {-Cast -Tele rElec
                  | Will+ rCorr}
    13 | D        | Found the +18 shield of the Gong {rElec rN+ Will+ EV-5}
    13 | D        | Found the +14 obsidian axe {vorpal, Mesm Drain Fly SInv}
    13 | D        | Found the +7 great mace "Firestarter" {inner flame, rF++}
    13 | D        | Found the +6 shillelagh "Devastator" {shatter}
    13 | D        | Found the +11 plutonium sword {Contam Stlth-}
    13 | D        | Found the +8 lance "Wyrmbane" {slay drac, rPois rF+ rC+
                  | AC+3}
    13 | D        | Found the +9 sword of Zonguldrok {reap}
    13 | D        | Found the +13 scythe of Curses {drain, Drain}
    13 | D        | Found the +5 sword of Power {vorpal}
    13 | D        | Found the +7 mace of Variability {chain chaos}
    13 | D        | Found the +7 Singing Sword {vorpal, sonic wave}
    13 | D        | Found the +8 storm bow {elec, penet}
    17 | D        | Found a shimmering blue altar of Sif Muna.
    17 | D        | Found a sacrificial altar of Ru.
    17 | D        | Found a bloodstained altar of Trog.
    17 | D        | Found a stormy altar of Qazlal.
    17 | D        | Found an iron altar of Okawaru.
    17 | D        | Found a sparkling altar of Nemelex Xobeh.
    19 | D        | Found a transporter.
    19 | D        | Found an ancient bone altar of Kikubaaqudgha.
    19 | D        | Found a viscous altar of Jiyva.
    19 | D        | Found a corrupted altar of Lugonu.
    19 | D        | Found a hazy altar of Hepliaklqana.
    19 | D        | Found a burning altar of Makhleb.
    19 | D        | Found an opulent altar of Gozag.
    59 | D        | Entered arena 2.
    59 | D        | Noticed a +5 hand axe of freezing
    59 | D        | Noticed a deep elf archer
    59 | D        | Found a transporter.
    64 | D        | Killed a +5 hand axe of freezing
    65 | D        | Reached skill level 12 in Maces & Flails
    65 | D        | Reached skill level 5 in Dodging
    65 | D        | Reached XP level 2. HP: 41/41 MP: 1/1
    65 | D        | Reached XP level 3. HP: 48/48 MP: 2/2
    65 | D        | Reached XP level 4. HP: 56/56 MP: 3/3
    65 | D        | Reached XP level 5. HP: 62/62 MP: 4/4
    65 | D        | Reached XP level 6. HP: 69/69 MP: 5/5
    65 | D        | Reached XP level 7. HP: 75/75 MP: 6/6
    67 | D        | Killed a deep elf archer
    67 | D        | Reached ** piety under Trog
    68 | D        | Reached skill level 13 in Maces & Flails
   106 | D        | Entered arena 3.
   106 | D        | Found a transporter.
   110 | D        | Reached XP level 8. HP: 86/86 MP: 7/7
   117 | D        | Entered arena 4.
   117 | D        | Found a transporter.
   120 | D        | Reached *** piety under Trog
   130 | D        | Entered arena 5.
   130 | D        | Found the -2 hat of the Alchemist {rElec rPois rF+ rC+ rN+
                  | Will+ rMut rCorr}
   130 | D        | Found a transporter.
   134 | D        | Reached **** piety under Trog
   139 | D        | Got the ring "Kaoworos" {Wiz *Slow rC+ Str+6 Int+4}
   158 | D        | Entered arena 6.
   158 | D        | Noticed a tarantella
   158 | D        | Noticed a tarantella
   158 | D        | Noticed a tarantella
   158 | D        | Found a transporter.
   160 | D        | Killed a tarantella
   160 | D        | Reached ***** piety under Trog
   161 | D        | Reached skill level 14 in Maces & Flails
   161 | D        | Reached skill level 1 in Shields
   162 | D        | Killed a tarantella
   163 | D        | Killed a tarantella
   164 | D        | Reached skill level 15 in Maces & Flails
   171 | D        | Entered arena 7.
   172 | D        | Found a transporter.
   179 | D        | Received a gift from Trog
   180 | D        | Reached skill level 15 in Fighting
   180 | D        | Reached XP level 9. HP: 89/97 MP: 8/8
   192 | D        | Got the +3 sling "Fepn" {freeze, rF+ rN+ Int-5 SInv}
   196 | D        | Got the +8 mace of Ytsoj {elec, rPois Str+6}
   198 | D        | Entered arena 8.
   198 | D        | Noticed a two-headed ogre
   198 | D        | Noticed a two-headed ogre
   198 | D        | Noticed a troll
   199 | D        | Found a transporter.
   204 | D        | Killed a two-headed ogre
   204 | D        | Reached ****** piety under Trog
   205 | D        | Reached skill level 16 in Maces & Flails
   205 | D        | Reached skill level 5 in Shields
   207 | D        | Killed a troll
   208 | D        | Reached skill level 10 in Armour
   209 | D        | Killed a two-headed ogre
   209 | D        | Received a gift from Trog
   210 | D        | Reached skill level 17 in Maces & Flails
   214 | D        | Got the +9 lajatang of Amisug {vorpal, Fly rCorr SInv
                  | Stlth+}
   218 | D        | Got the +10 trident "Tiomaamn" {freeze, rElec}
   220 | D        | Entered arena 9.
   220 | D        | Noticed a rime drake
   220 | D        | Noticed a polar bear
   220 | D        | Noticed a rime drake
   221 | D        | Found a transporter.
   226 | D        | Killed a rime drake
   227 | D        | Reached XP level 10. HP: 110/110 MP: 9/9
   344 | D        | Entered arena 10.
   344 | D        | Found the +8 arc blade {discharge, rElec}
   345 | D        | Found a transporter.
   347 | D        | Identified the +6 great sword of the Heart {flame, rCorr}
                  | (Trog gifted it to you in the Dungeon)
   347 | D        | Received a gift from Trog
   349 | D        | Received a gift from Trog
   355 | D        | Got the +1 broad axe of the Sky {freeze, *Corrode rElec rN+
                  | Int+4}
   359 | D        | Got the ring "Roox" {rF+ Will++ rCorr Slay-2}
   371 | D        | Entered arena 11.
   371 | D        | Noticed a deep elf zephyrmancer
   371 | D        | Noticed a deep elf pyromancer
   371 | D        | Noticed a deep elf zephyrmancer
   371 | D        | Noticed a deep elf pyromancer
   371 | D        | Noticed a +2 mace of holy wrath
   371 | D        | Paralysed by an air elemental for 1 turns
   372 | D        | Found a transporter.
   374 | D        | Paralysed by an air elemental for 1 turns
   378 | D        | Killed a deep elf pyromancer
   379 | D        | Reached skill level 18 in Maces & Flails
   380 | D        | Killed a deep elf zephyrmancer
   380 | D        | Identified the +7 great mace of Wigryon {flame, rN+ Str-5
                  | Dex+6} (Trog gifted it to you in the Dungeon)
   380 | D        | Received a gift from Trog
   382 | D        | Killed a deep elf zephyrmancer
   383 | D        | Killed a deep elf pyromancer
   383 | D        | Killed a +2 mace of holy wrath
   384 | D        | Reached skill level 10 in Shields
   388 | D        | Reached skill level 19 in Maces & Flails
   388 | D        | Reached XP level 11. HP: 109/121 MP: 10/10
   419 | D        | Entered arena 12.
   419 | D        | Noticed a hell hog
   419 | D        | Noticed a fire giant
   419 | D        | Noticed a salamander tyrant
   419 | D        | Noticed a fire giant
   419 | D        | Noticed a searing wretch
   419 | D        | Noticed a hell hog
   419 | D        | Noticed a searing wretch
   420 | D        | Noticed a balrug
   420 | D        | Noticed a salamander tyrant
   420 | D        | Noticed a salamander tyrant
   421 | D        | Found a transporter.
   424 | D        | HP: 5/121 [balrug/divine providence (12)]
   424 | D        | Killed from afar by a hell hog

Illustrated notes

Levels and vault maps discovered:
D:        sprint_v [room_start, room_1, room_2, room_3, room_4, room_5, room_6,
          room_7, room_8, room_9, room_10, room_11, room_12, room_13, room_14,
          room_15, room_16, room_17, room_18, room_19, room_20, room_21,
          room_22, room_23, room_24, room_25, room_26, room_27]

Skill      XL: |  1  2  3  4  5  6  7  8  9 10 |
---------------+-------------------------------+-----
Fighting       | 11 13 15 16 18 | 18.6
Maces & Flails | 12 13 15 17 19 | 19.0
Armour         | 7 8 9 10 12 | 12.2
Dodging        | 5 6 7 8 |  8.1
Shields        | 3 6 10 | 10.4

Action                   |  1- 3 |  4- 6 |  7- 9 | 10-12 || total
-------------------------+-------+-------+-------+-------++-------
Melee: Shillelagh        |     4 |       |    36 |    17 ||    57
       Headbutt          |       |       |     6 |     2 ||     8
Invok: Berserk           |     1 |       |     1 |     1 ||     3
       Brothers in Arms  |       |       |       |     1 ||     1
Armor: Gold dragon scale |     2 |       |     5 |    11 ||    18
Dodge: Dodged            |       |       |       |     1 ||     1
Block: Kite shield       |     5 |       |    50 |    26 ||    81
       Reflection        |       |       |     3 |       ||     3
